[Event "Belgrade RAD 30"]
[Site "Belgrade"]
[Date "1977.01.22"]
[Round "6.5"]
[White "Rajkovic, Dusan"]
[Black "Ostojic, Predrag"]
[Result "1-0"]
[ECO "A05"]
[WhiteElo "2495"]
[BlackElo "2480"]
[Annotator "Primel,D"]
[PlyCount "84"]
[EventDate "1977.01.15"]
[EventType "tourn"]
[EventRounds "13"]
[EventCountry "SRB"]
[EventCategory "9"]
[SourceTitle "EXT 2018"]
[Source "ChessBase"]
[SourceDate "2017.10.13"]
[SourceVersion "1"]
[SourceVersionDate "2017.10.13"]
[SourceQuality "1"]
[TimeControl "40/9000:16/5400:0"]

1. Nf3 Nf6 2. g3 b5 3. Bg2 Bb7 4. O-O c5 5. d3 e6 6. e4 d6 7. a4 a6 (7... b4 8.
Nbd2 ) 8. axb5 axb5 9. Rxa8 Bxa8 10. Na3 Qb6 (10... Bc6 11. e5 Nfd7
12. exd6 Bxd6 13. Ng5 b4 ({RR} 13... Qb6) 14. Nc4 Nf6 15. Qe2 Bxg2 16. Kxg2 Be7
17. Be3 O-O 18. Ra1 Nd5 19. Ne4 Qc7 20. f3 Nd7 21. Bf2 Re8 22. Qe1 f5 23. Ned2
Bf8 24. Ra6 e5 25. Qa1 {Vukic,M (2480)-Karpov,A (2725) Bugojno 1978 MCL 
[Bulletin] 1/2-1/2 (57)}) (10... b4 11. Nc4) 11. e5 dxe5 12. c4 $5 (12. Nxe5
Bxg2 13. Kxg2 Bd6 $11) 12... b4 13. Nb5 Bc6 14. Qa4 Nfd7 15. Be3 Be7 16. Qa7 f6
17. Ra1 Kf7 $5 (17... O-O) 18. Qxb6 Nxb6 19. Ra7 Bd7 20. Nd2 f5 $6 (20... Rd8
$11) 21. Nb3 Rc8 22. Bb7 Re8 23. Bxc5 (23. Nc7 {Les pièces Noires manquent
d'espace}) 23... Bxc5 24. Nxc5 Bxb5 25. Bc6+ Re7 26. Rxe7+ Kxe7 27. Bxb5 Kd6
28. Nb7+ Ke7 29. Nc5 Nc8 30. f4 exf4 31. gxf4 Na7 32. Ba4 Nac6 33. Kf2 Kf6 34.
Ke3 e5 35. Bxc6 Nxc6 36. Nd7+ Ke6 37. Nxe5 Nxe5 38. fxe5 Kxe5 39. d4+ Kf6 $2 {
Une position critique jouée juste avant le contrôle de temps} (39... Ke6 40.
Kf4 h6 41. h4 g6 (41... b3 42. h5) 42. b3 Kf6 $1 {[%cal Gg6g5] Le K Noir est
dans le carré et les Noirs vont pouvoir mobiliser la majorité de l'aile-roi})
40. h4 g6 41. c5 Ke6 42. c6 Kd6 1-0

[Event "FRA-chT Top 12"]
[Site "Drancy"]
[Date "2016.06.04"]
[Round "8.3"]
[White "Tkachiev, Vladislav"]
[Black "Flear, Glenn C"]
[Result "1-0"]
[ECO "A05"]
[WhiteElo "2660"]
[BlackElo "2452"]
[Annotator "RR"]
[PlyCount "43"]
[EventDate "2016.05.28"]
[EventType "team-tourn"]
[EventRounds "11"]
[EventCountry "FRA"]
[SourceTitle "CBM 172 Extra"]
[Source "ChessBase"]
[SourceDate "2016.06.21"]
[SourceVersion "1"]
[SourceVersionDate "2016.06.21"]
[SourceQuality "1"]
[WhiteTeam "Clichy Echecs"]
[BlackTeam "Montpellier"]
[WhiteTeamCountry "FRA"]
[BlackTeamCountry "FRA"]
[TimeControl "40/5400+30:1800+30"]

1. Nf3 {[%emt 0:01:20][%mdl 512] Prix de beauté de la ronde 8} d5 2. g3 e6 3. Bg2 Nf6 4. O-O b5 (4... c5) 5. d3 Bb7 6. c4 dxc4 (6... a6 7. cxd5 Nxd5 8. Bg5 Be7 9. Bxe7 Qxe7 10. Nbd2 Nd7 11. Nb3 Rc8 12.
a4 c6 13. Qd2 O-O 14. Rfc1 h6 15. d4 Rfd8 16. Qc2 Nb4 17. Qe4 Nb6 18. Nc5 Nxa4
19. Nxa4 c5 20. Qh4 Qxh4 21. Nxh4 Bxg2 22. Kxg2 bxa4 23. dxc5 Rd2 24. Rxa4 Rxb2
25. Nf3 a5 26. Kf1 Nc6 27. Nd4 Nxd4 28. Rxd4 Rc6 29. Rd6 Rxd6 30. cxd6 Rd2 31.
Rc8+ Kh7 32. Ra8 Rd1+ 33. Kg2 Rxd6 34. Rxa5 g6 35. e3 Kg7 36. h4 {Matlakov,M 
(2690)-Landa,K (2639) Loo 2014 1/2-1/2}) 7. dxc4 Qxd1 8. Rxd1 b4 9. Bf4 Na6 10. a3 c5 $146 (
10... h6 11. axb4 Bxb4 12. Nd4 O-O-O 13. Nc3 Bxg2 14. Kxg2 Kb7 15. Ncb5 c6 16.
Nxa7 Rxd4 17. Rxd4 Kxa7 18. c5 Nd5 19. Bd6 f5 20. e4 fxe4 21. Rxe4 Kb7 22. Rc1
Re8 23. Rg4 g5 24. h4 Nf6 25. Rgc4 e5 26. hxg5 hxg5 27. Ra1 Nd5 28. Rh1 e4 29.
Rh7+ Kc8 30. Ra7 e3 31. Ra8+ Kd7 32. Rxa6 Re6 33. Ra7+ Kc8 34. Rxb4 Nxb4 35.
fxe3 Rxe3 36. Rg7 Re2+ 37. Kf3 Rxb2 38. Rxg5 Kd7 39. Rg7+ Ke6 40. Re7+ {
Guramishvili,S (2421)-Cosma,E (2329) Belgrade 2013 1-0 (72)}) 11. Ne5 Bxg2 12. Kxg2 Ne4 13. axb4 Nxb4 14. Nc3 Nd6 (14... Nxc3 $2 15. bxc3 Nc2 16. Ra2) 15. Nb5 Nxb5 16. cxb5 f6 17. Nd7 Rd8 18. Rxa7 Nd5 19. Rxd5 $1 exd5 20. Nxf8 Rxf8 21. b6 $44 Rd7 22. b7 {
[%emt 0:03:37] 1-0 et non pas nulle comme l'a enregistré le plateau DGT} 1-0

[Event "Sautron op 13th"]
[Site "Sautron"]
[Date "2013.11.01"]
[Round "8"]
[White "Drasko, Milan"]
[Black "Le Roux, Jean Pierre"]
[Result "0-1"]
[ECO "A05"]
[WhiteElo "2451"]
[BlackElo "2571"]
[Annotator "RR"]
[PlyCount "82"]
[EventDate "2013.10.26"]
[EventType "swiss"]
[EventRounds "9"]
[EventCountry "FRA"]
[SourceTitle "EXT 2016"]
[Source "ChessBase"]
[SourceDate "2015.10.08"]
[SourceVersion "1"]
[SourceVersionDate "2015.10.08"]
[SourceQuality "1"]
[TimeControl "40/5400+30:1800+30"]
[WhiteClock "1:30:00"]
[BlackClock "1:30:00"]

1. Nf3 Nf6 2. g3 b5 $5 {
[%emt 0:01:28][%csl Gc4] Il est inéressant de voir le choix du breton car il
joue également ce système avec les Blancs} 3. Bg2 (3. a4)
3... Bb7 4. b3 d6 (4... e6 {
Semble un peu plus dans l'esprit de la position.} 5. O-O Be7 (5... c5)) 5. c4 b4 $146 (5... bxc4 6. bxc4 Nbd7 7. O-O g6 8.
Nc3 Bg7 9. Rb1 Rb8 10. Qa4 O-O 11. Qxa7 Nc5 12. Qa3 Nfd7 13. d3 Ra8 14. Qb4 Ra6
15. Be3 Qa8 16. Nb5 Rc8 17. d4 Ra4 18. Qe1 Ne4 19. Rb4 Rxa2 20. d5 Ra1 21. Rb1
Ra4 22. Nfd4 Ndc5 23. f3 Nf6 24. Bh3 Ncd7 25. Nc6 Bxc6 26. dxc6 Qxc6 27. Na7
Rxa7 28. Bxa7 Qxc4 29. Qc1 Qa6 30. Bd4 e6 31. Qd2 c5 32. Ra1 Qc6 33. Be3 d5 34.
Rfc1 d4 35. Bf2 {Drasko,M (2459)-Fedorchuk,S (2643) Cappelle la Grande 2013 0-1
}) 6. a3 $1 a5 $1 {[%emt 0:02:31] Gardant le contrôle de la
case "c3"} 7. axb4 axb4 8. Rxa8 Bxa8 9. d4 (9. O-O e5 10. Bb2)
9... Nbd7 10. Bb2 e6 11. O-O Be7 12. Nbd2 O-O 13. Qc2 c5 14. Ra1 h6 15. dxc5 (15. Ne5 $5 Bxg2
16. Nxd7 Qxd7 17. Kxg2 $11) (15. e4 cxd4 16. Nxd4) (15. Ra2 $5
cxd4 16. Bxd4 Nc5 17. Qb1 Be4 18. Qa1) 15... Nxc5 $132 16. Ne1 (16. Bh3 {[%csl Gd5][%cal Gf3e1,Ge1g2,Gg2f4]
Evite l'échange des B de cases Blanches}) 16... Bxg2 17. Nxg2 Nfd7 18. Nf4 Bf6 19. Ra2 Bxb2 20. Qxb2 Ne5 21. Qd4 Nc6 22. Qe3 Qf6 23. Ne4 Qf5 24. Nd2 (24. Nxd6 $6 Qb1+ 25. Kg2 Qxa2 26. Qxc5 Na5 27.
Qxb4 Nxb3 28. c5 Qc2 ) 24... Ne5 25. f3 Rd8 26. Kg2 Nc6 27.
Ne4 Qe5 28. Nd3 Nxd3 29. Qxd3 f5 $1 30. Nf2 Qc5 31. Ra6 d5 32. Qd2 Nd4 33. cxd5 Rxd5 (33... Nxb3 34. Qa2 Qxd5 35. Nd3 ) 34. Qf4 (34. Nd3 Qc2 35. Qxc2 Nxc2 36. Kf2) 34... e5 $36 {[%emt 0:02:
22] Les Noirs commencent à avoir un petit avantage d'espace et des pièces
plus actives} 35. Ra8+ Kh7 36. Qh4 Qc6 37. Rf8 Nc2 38.
Ne4 $2 $138 (38. Qe7 Ne3+ 39. Kh3 Qg6 40. Qe8 Qxe8 41. Rxe8 g5
) 38... Qg6 39. Nf2 Ne3+ 40.
Kh3 Rd4 41. g4 Qc6 0-1

[Event "Sautron op 16th"]
[Site "Sautron"]
[Date "2016.10.22"]
[Round "4.1"]
[White "Ider, Borya"]
[Black "Stany, George Anthony"]
[Result "1/2-1/2"]
[ECO "A05"]
[WhiteElo "2463"]
[BlackElo "2471"]
[Annotator "RR"]
[PlyCount "63"]
[EventDate "2016.10.22"]
[EventType "swiss"]
[EventRounds "9"]
[EventCountry "FRA"]
[SourceTitle "EXT 2019"]
[Source "ChessBase"]
[SourceDate "2018.10.10"]
[SourceVersion "1"]
[SourceVersionDate "2018.10.10"]
[SourceQuality "1"]
[TimeControl "40/5400+30:1800+30"]
[WhiteClock "0:54:39"]
[BlackClock "0:05:14"]

1. d4 Nf6 2. Nf3 g6 3. g3 d5 4. Bg2 Bg7 5. O-O O-O 6. b3 c5 7. e3 Nc6 8. Bb2 Ne4 9. Nbd2 (9. Ne5)
9... Bf5 10. Ne5 (10. c3 Qa5 11. Nxe4 Bxe4
12. Re1 Rad8 13. Re2 Bxf3 14. Bxf3 Rd7 15. Rd2 Rfd8 16. Rc1 e6 {1/2-1/2 (16)
Berkes,F (2659)-Sutovsky,E (2650) Rijeka 2010}) 10... cxd4 11.
Nxc6 bxc6 12. Nxe4 Bxe4 13. Bxe4 {[%emt 0:00:19] Les Blancs sont peu ambitieux dans
cette partie} dxe4 $11 14. Bxd4 Bxd4 15. Qxd4 Qxd4 16. exd4 Rad8 $146 (16... Rfd8 17. c3 f5 18. f3 exf3
19. Rae1 Kf7 20. Re5 Rd5 21. Rfe1 Re8 22. Kf2 e6 23. Kxf3 Kf6 24. g4 Re7 25. h4
h6 26. b4 a6 27. a4 g5 28. R1e2 gxh4 29. Kf4 fxg4 30. Kxg4 Rg7+ 31. Kxh4 Rxe5
32. Rxe5 Rg1 33. Rc5 Rc1 34. a5 e5 35. dxe5+ Kf5 36. Rxc6 Kxe5 37. Kh5 Rh1+ 38.
Kg6 Rh3 39. Rxa6 Kd5 40. Rb6 Rxc3 41. Kxh6 Rg3 42. a6 Rg1 43. b5 {1-0 (43)
Kacirek,P (2360)-Jacek,M (2188) Czechia 2007}) 17. c3 (17.
Rfd1 Rd7 18. Kf1 Rfd8 19. c3 e5) 17... e5 18. dxe5 Rfe8 19. Rad1 Rd5 $1 20. Rxd5 cxd5 21. f4 exf3 22. Re1 f6 23. e6 Kf8 24. Kf2 Ke7 25.
Kxf3 Rc8 $15 26. Re3 Rc6 27. a4 Rb6 28. b4 d4 29. cxd4 Rxb4 30.
Re4 f5 31. Rh4 Rxa4 (31... h5) 32. Rxh7+ 1/2-1/2